 Dungeon Crawl Stone Soup version 0.30-a0-1066-g63dfefce0d (webtiles) character file.

Game seed: 16357913762415182809

644 cforsyth the Caller (level 7, -3/41 HPs)
             Began as an Octopode Summoner on Apr 12, 2023.
             Killed by divine providence
             ... invoked by an orc priest
              (9 damage)
             ... on level 4 of the Dungeon.
             The game lasted 00:08:10 (4643 turns).

cforsyth the Caller (Octopode Summoner)             Turns: 4643, Time: 00:08:11

Health: -3/41      AC:  1    Str:  7    XL:     7   Next: 52%
Magic:  9/14       EV: 13    Int: 20    God:
Gold:   184        SH:  0    Dex: 12    Spells: 2/15 levels left

rFire   + . .      SeeInvis .    (no weapon)
rCold   . . .      Faith    .    (no shield)
rNeg    . . .      Spirit   .    (helmet restricted)
rPois   .          Reflect  .    (no amulet)
rElec   .          Rampage  .    e - ring of flight
rCorr   .                        l - ring of protection from fire
Will    .....                    (no ring)
Stlth   +++                      (no ring)
HPRegen 0.26/turn                (no ring)
MPRegen 0.14/turn                (no ring)
                                 (no ring)
                                 (no ring)

@: flying
A: almost no armour, amphibious, 8 rings, camouflage 1, gelatinous body 1,
(nimble swimmer 1), tentacles
a: no special abilities


You were on level 4 of the Dungeon.
You visited 1 branch of the dungeon, and saw 4 of its levels.

You collected 184 gold pieces.

Inventory:

Jewellery
 d - an amulet of the acrobat
 e - a ring of flight (left tentacle)
 l - a ring of protection from fire (right tentacle)
 p - a ring of see invisible
Wands
 o - a wand of mindburst (9)
Scrolls
 b - 2 scrolls of enchant weapon {unknown}
 f - a scroll of fog {unknown}
 h - a scroll of amnesia {unknown}
 j - a scroll of silence {unknown}
 m - a scroll of poison {unknown}
 n - a scroll of teleportation
Potions
 a - a potion of magic
 c - a potion of lignification
 g - a potion of curing {unknown}
 i - a potion of might
 k - 3 potions of haste


   Skills:
 - Level 2.0 Dodging
 - Level 2.6 Stealth
 + Level 4.9 Spellcasting
 - Level 3.0 Hexes
 + Level 6.3 Summonings
 + Level 1.3 Air Magic


You had 2 spell levels left.
You knew the following spells:

 Your Spells              Type           Power      Damage    Failure   Level
a - Summon Small Mammal   Summ           100%       N/A       1%          1
b - Call Imp              Summ           60%        N/A       1%          2
c - Call Canine Familiar  Summ           30%        N/A       2%          3
d - Summon Guardian Gole  Hex/Summ       23%        N/A       5%          3
e - Summon Lightning Spi  Summ/Air       20%        N/A       24%         4

Your spell library contained the following spells:

 Spells                   Type           Power      Damage    Failure   Level


Dungeon Overview and Level Annotations

Branches:
Dungeon (4/15)             Temple (0/1) D:4

Altars:


Innate Abilities, Weirdness & Mutations

You cannot wear most types of armour.
You are amphibious.
You can wear up to eight rings at the same time.
Your skin changes colour to match your surroundings (Stealth+).
Your rubbery body absorbs attacks. (AC +1, EV +1)
((You are camouflaged when in or above water. (Stealth+)))
You have tentacles for arms and can constrict up to eight enemies at once.


Message History

You barely miss the orc wizard. You grab the orc wizard.
Your squeeze misses the orc wizard. You constrict the orc wizard.
Your hound bites the orc wizard.
The orc wizard barely misses your hound.
You tentacle-slap the orc wizard but do no damage.
You squeeze the orc wizard, but do no damage.
The orc wizard is moderately wounded.
You constrict the orc wizard, but do no damage.
Your hound bites the orc wizard but does no damage.
The orc wizard hits you with a +0 dagger.
The orc priest looks encouraged for a moment.
Your hound bites the orc wizard.
You strike the helpless orc wizard from behind!
You tentacle-slap the orc wizard.
The orc wizard is almost dead.
You constrict the orc wizard.
Your hound bites the orc wizard.
The orc wizard dies!
The orc completely misses your hound.
Your hound bites the orc.
Your hound barely misses the orc.
The orc priest mumbles some strange prayers to Beogh against you.
Beogh smites you! The orc closely misses your hound.
Your hound bites the orc.
The orc hits your hound with a +0 club.
Your hound barely misses the orc.
Casting: Call Canine Familiar (dangerous; 2% risk of failure)
Confirm with . or Enter, or press ? or * to list all spells.
Your hound disappears in a puff of smoke!
The orc barely misses you.
The orc priest mumbles some strange prayers to Beogh against you.
Beogh smites you!
* * * LOW HITPOINT WARNING * * *
Your hound bites the orc.
The orc dies!
The orc priest begins to cast a cantrip, but forgets the words!
Your hound bites the orc.
The orc priest calls upon Beogh to heal the orc.
The orc is healed somewhat.
The orc completely misses your hound.
Your hound bites the orc.
Your hound closely misses the orc.
The orc priest calls down the wrath of Beogh upon you.
Beogh smites you!
You die...

#.......).#
#...)..#
##...o##
.###...o.#
.......h)#
#.#####..## ##
#...## .
##....# .
##@###..... #.
##.## #####
###.###.##
#....).##
..####..#######
# #........## #
##...###..## ##
##### ##..# #.
.## ##### ##.#
#####.


You could see an orc priest, an orc (ally target) and a friendly hound
(summoned).

Vanquished Creatures
  An adder (D:4)
  A gnoll (D:2)
  A worm (D:4)
  3 dart slugs
  2 endoplasms
  2 goblins (D:3)
  7 hobgoblins
  3 quokkas
  2 bats
  A rat (D:1)
23 creatures vanquished.

Vanquished Creatures (collateral kills)
  Grinder (D:3)
  An orc priest (D:4)
  A hound (D:4)
  2 orc wizards (D:4)
  Robin (D:3)
  3 adders
  2 dart slugs
  7 orcs
  5 endoplasms
  3 giant cockroaches
  12 goblins
  6 hobgoblins
  2 jackals (D:1)
  8 kobolds
  6 quokkas
  3 ball pythons
  A bat (D:1)
  5 frilled lizards
  4 rats
73 creatures vanquished.

Vanquished Creatures (others)
  Sigmund (D:3)
  A goblin (D:3)
2 creatures vanquished.

Grand Total: 98 creatures vanquished

Notes
Turn   | Place    | Note
-------+----------+-------------------------------------------
     0 | D:1      | cforsyth the Octopode Summoner began the quest for the Orb.
     0 | D:1      | Reached XP level 1. HP: 11/11 MP: 3/3
   226 | D:1      | Reached XP level 2. HP: 17/17 MP: 1/5
   229 | D:1      | Learned a level 2 spell: Call Imp
   629 | D:1      | Reached XP level 3. HP: 21/21 MP: 6/6
   691 | D:1      | Learned a level 3 spell: Call Canine Familiar
   847 | D:1      | Found a faded altar of an unknown god.
  1834 | D:2      | Reached XP level 4. HP: 19/27 MP: 4/8
  2387 | D:3      | Reached skill level 5 in Summonings
  2501 | D:3      | Noticed Grinder
  2501 | D:3      | Noticed Robin
  2502 | D:3      | Paralysed by Grinder for 5 turns
  2536 | D:3      | Killed Robin
  2562 | D:3      | Reached XP level 5. HP: 31/31 MP: 2/10
  2566 | D:3      | Learned a level 3 spell: Summon Guardian Golem
  2753 | D:3      | Noticed Sigmund
  2778 | D:3      | Killed Sigmund
  2779 | D:3      | Reached XP level 6. HP: 24/36 MP: 0/12
  2987 | D:3      | Killed Grinder
  2988 | D:3      | Reached skill level 6 in Summonings
  2988 | D:3      | Reached XP level 7. HP: 41/41 MP: 5/13
  2993 | D:3      | Learned a level 4 spell: Summon Lightning Spire
  3997 | D:4      | Found a staircase to the Ecumenical Temple.
  4060 | D:4      | Reached skill level 1 in Air Magic
  4643 | D:4      | Killed from afar by an orc priest

Illustrated notes

Levels and vault maps discovered:
D:1:      minmay_arrival_arboretum_small, layout_loops_corners,
          hellmonk_ecumenical_altar_lost_god, minmay_heptomino_o4
D:2:      layout_basic, minmay_misc_feat_rugged, interstate_on_off,
          minmay_bisected
D:3:      minmay_evil_eye, layout_basic, eino_tiny_chamber, uniq_sigmund,
          uniq_grinder, uniq_robin
D:4:      layout_layer_cave, minmay_temple_entry_from_below_a,
          lightli_corner_chamber, uniq_blork_the_orc

Skill      XL: |  1  2  3  4  5  6  7 |
---------------+----------------------+-----
Spellcasting   | 3 4 |  4.9
Summonings     | 5 6 |  6.3
Hexes          | 2 3 |  3.0
Air Magic      | 1 |  1.3
Dodging        | |  2.0
Stealth        | |  2.6

Action                     |  1- 3 |  4- 6 |  7- 9 || total
---------------------------+-------+-------+-------++-------
  Melee: Unarmed           |    50 |    10 |    19 ||    79
         Constrict         |    17 |     4 |     6 ||    27
         Tentacles         |    11 |     4 |     8 ||    23
   Cast: Summon Small Mamm |    24 |     7 |     6 ||    37
         Call Imp          |     8 |     9 |     9 ||    26
         Call Canine Famil |    12 |    13 |    11 ||    36
         Summon Guardian G |       |     2 |     1 ||     3
    Use: Scroll            |       |       |     4 ||     4
   Stab: Sleeping          |     3 |     1 |     2 ||     6
         Distracted        |       |       |     2 ||     2
 Armour: Skin              |     4 |       |     1 ||     5
  Dodge: Dodged            |    43 |    15 |    13 ||    71

Table legend: (Time is in decaauts)
 A = Elapsed time spent in this place.
 B = Non-inter-level travel time spent in this place.
 C = Inter-level travel time spent in this place.
 D = Time resting spent in this place.
 E = Time spent auto-exploring this place.
 F = Levels seen in this place.
 G = Mean time per level.
                   A        B        C        D        E       F      G
               +--------+--------+--------+--------+--------+-----+--------+
         Total |   4641 |   4569 |     72 |    155 |   3475 |   4 | 1160.2 |
       Dungeon |   4641 |   4569 |     72 |    155 |   3475 |   4 | 1160.2 |
               +--------+--------+--------+--------+--------+-----+--------+

Top non-repeatable levels by time:
     D:1: 1349 daAuts
     D:4: 1192 daAuts
     D:3: 1070 daAuts
     D:2: 1028 daAuts
